 Dungeon Crawl Stone Soup version 0.22-a0-389-g8519d86 (webtiles) character file.

123 Falco the Cudgeler (level 5, 0/42 HPs)
             Began as a Human Wanderer on May 1, 2018.
             Killed from afar by an orc wizard (11 damage)
             ... with a magic dart
             ... on level 3 of the Dungeon.
             The game lasted 00:12:55 (2915 turns).

Falco the Cudgeler (Human Wanderer)                 Turns: 2915, Time: 00:12:56

Health: 0/42       AC:  2    Str: 11    XL:     5   Next: 28%
Magic:  5/5        EV: 12    Int: 13    God:
Gold:   102        SH:  0    Dex: 14    Spells: 4/4 levels left

rFire    . . .     SeeInvis .   a - +2 mace
rCold    . . .     Gourm    .   (no shield)
rNeg     . . .     Faith    .   d - +0 robe
rPois    .         Spirit   .   (no helmet)
rElec    .         Reflect  .   (no cloak)
rCorr    .         Harm     .   (no gloves)
MR       .....                  (no boots)
Stlth    +.........             (no amulet)
HPRegen  0.14/turn              (no ring)
MPRegen  0.09/turn              (no ring)

@: no status effects
A: no striking features
a: no special abilities


You were on level 3 of the Dungeon.
You were not hungry.

You visited 1 branch of the dungeon, and saw 3 of its levels.

You collected 102 gold pieces.

Inventory:

Hand Weapons
 a - a +2 mace (weapon)
 b - a +0 hunting sling
Missiles
 c - 16 stones (quivered)
 h - 10 arrows
Armour
 d - a +0 robe (worn)
Potions
 e - a potion of invisibility {unknown}
 g - a potion of heal wounds
Comestibles
 f - a ration


   Skills:
 + Level 3.8 Fighting
   Level 1.0 Short Blades
 + Level 3.9 Maces & Flails
 + Level 0.7 Slings
 + Level 2.1 Armour
 + Level 1.0 Dodging
 + Level 0.4 Stealth
   Level 2.0 Shields


You had 4 spell levels left.
You didn't know any spells.

Dungeon Overview and Level Annotations

Branches:
Dungeon (3/15)

Altars:


Message History

The orc wizard misses you. The orc wizard barely misses you.
You barely miss the orc wizard.
The orc wizard is moderately wounded.
The orc wizard barely misses you.
You hit the orc wizard but do no damage.
The orc wizard is moderately wounded.
The orc wizard hits you with a dagger of protection.
You hit the orc wizard.
The orc wizard is heavily wounded.
The orc wizard closely misses you.
You closely miss the orc wizard.
The orc wizard is heavily wounded.
The orc wizard hits you with a dagger of protection.
* * * LOW HITPOINT WARNING * * *
The orc wizard barely misses you.
You closely miss the orc wizard.
The orc wizard is heavily wounded.
The orc wizard points at you and mumbles some strange words.
The magic dart hits you!
You die... #.#.###### #..ooo@<.# ###.######

You could see an orc wizard and 2 orcs.

Vanquished Creatures
  3 gnolls (D:2)
  3 adders (D:2)
  2 worms (D:2)
  A dart slug (D:2)
  A leopard gecko (D:1)
  An orc (D:3)
  6 bats
  3 giant cockroaches
  5 goblins
  9 hobgoblins
  4 jackals (D:2)
  A quokka (D:2)
  A ball python (D:1)
  5 frilled lizards
  6 kobolds
  8 rats
59 creatures vanquished.

Notes
Turn   | Place    | Note
-------+----------+-------------------------------------------
     0 | D:1      | Falco the Human Wanderer began the quest for the Orb.
     0 | D:1      | Falco set off with: a +2 mace, a potion of curing, a scroll of teleportation, a +0 robe, a ration
     0 | D:1      | Reached XP level 1. HP: 18/18 MP: 1/1
    47 | D:1      | Reached XP level 2. HP: 21/24 MP: 2/2
   251 | D:1      | Reached XP level 3. HP: 27/30 MP: 3/3
  1012 | D:2      | HP: 1/30 [poisoned by an adder]
  1420 | D:2      | Reached XP level 4. HP: 15/37 MP: 4/4
  2353 | D:2      | Reached XP level 5. HP: 37/42 MP: 5/5
  2642 | D:2      | Reached skill level 1 in Dodging
  2915 | D:3      | Killed from afar by an orc wizard

Vault maps used:
D:1:      dpeg_arrival_houses_and_road
D:2:      wad_crossroads, uniq_crazy_yiuf_cottage
D:3:      gup_sewer_entry_bubbles, kennysheep_generic_room_14

Skill      XL: |  1  2  3  4  5 |
---------------+----------------+-----
Maces & Flails | 3 |  3.9
Dodging        | 1 |  1.0
Fighting       | |  3.8
Short Blades   | |  1.0
Slings         | |  0.7
Armour         | |  2.1
Stealth        | |  0.4
Shields        | |  2.0

Action                   |  1- 3 |  4- 6 || total
-------------------------+-------+-------++-------
Melee: Mace              |   101 |   112 ||   213
 Fire: Hunting sling     |       |    12 ||    12
  Use: Scroll            |     2 |     2 ||     4
       Potion            |     1 |     2 ||     3
 Stab: Sleeping          |       |     1 ||     1
  Eat: Ration            |     1 |     1 ||     2
Armor: Robe              |    18 |    11 ||    29
Dodge: Dodged            |    57 |    51 ||   108

Table legend:
 A = Spawn XP
 B = Non-spawn XP
 C = Spawn XP percentage of total XP
 D = Spawn monster count
 E = Non-spawn monster count
 F = Spawn count percentage of total count
 G = Total turns spent on level
                    A         B        C        D         E        F      G
               +---------+---------+-------+---------+---------+-------+---------
         Total |       0 |     176 |   0.0 |       0 |      59 |   0.0 |  2915
               +---------+---------+-------+---------+---------+-------+---------
           D:1 |       0 |      35 |   0.0 |       0 |      23 |   0.0 |   754
           D:2 |       0 |     138 |   0.0 |       0 |      35 |   0.0 |  2131
           D:3 |       0 |       3 |   0.0 |       0 |       1 |   0.0 |    30
               +---------+---------+-------+---------+---------+-------+---------
